 Dungeon Sprint DCSS version 0.28.0-53-g5a82cb258f (webtiles) character file.

Game seed: 3636656311710276764

1216 Zeld the Eclecticist (level 8, -3/41 HPs)
             Began as a Deep Elf Conjurer on June 5, 2022.
             Was a Believer of Sif Muna.
             Slain by a white ugly thing (30 damage)
             ... in the Dungeon (Sprint IX: "|||||||||||||||||||||||||||||").
             The game lasted 00:01:20 (1402 turns).

Zeld the Eclecticist (Deep Elf Conjurer)            Turns: 1402, Time: 00:01:21

Health: -3/41      AC:  4    Str:  4    XL:     8   Next: 22%
Magic:  15/30      EV: 15    Int: 26    God:    Sif Muna [**....]
Gold:   0          SH:  0    Dex: 13    Spells: 29/40 levels left

rFire   . . .      SeeInvis .   (no weapon)
rCold   . . .      Faith    .   (no shield)
rNeg    . . .      Spirit   .   a - +0 robe
rPois   .          Reflect  .   (no helmet)
rElec   .          Harm     .   k - +0 cloak
rCorr   .          Rampage  .   (no gloves)
Will    .....      NoTele   +   q - +0 pair of boots
Stlth   ++........              (no amulet)
HPRegen 0.13/turn               (no ring)
MPRegen 0.22/turn               (no ring)

@: no status effects
A: no striking features
a: Renounce Religion, Channel Magic


You were in the Dungeon.
You worshipped Sif Muna.
Sif Muna was pleased with you.
You visited 1 branch

Inventory:

Armour
 a - a +0 robe (worn)
 k - a +0 cloak (worn)
 q - a +0 pair of boots (worn)
Wands
 j - a wand of acid (10)
Scrolls
 h - 2 scrolls of amnesia
 i - a scroll of blinking
Potions
 b - a potion of invisibility
 c - 3 potions of heal wounds
 d - a potion of haste
 e - 3 potions of magic
 f - a potion of berserk rage
 g - 4 potions of curing


   Skills:
 - Level 8.0 Dodging
 - Level 2.4 Stealth
 * Level 16.9 Spellcasting
 + Level 12.3 Conjurations
 - Level 2.0 Hexes
 - Level 2.0 Translocations


You had 29 spell levels left.
You knew the following spells:

 Your Spells              Type           Power      Damage    Failure   Level
a - Magic Dart            Conj           100%       1d8       0%          1
b - Searing Ray           Conj           100%       2d8       1%          2
c - Fulminant Prism       Conj/Hex       28%        3d14      1%          4
d - Iskenderun's Mystic   Conj/Tloc      56%        2d12      1%          4

Your spell library contained the following spells:

 Spells                   Type           Power      Damage    Failure   Level
 Dazzling Flash           Conj/Hex       100%       N/A       1%          3


Dungeon Overview and Level Annotations

Branches:
Dungeon (1/1)

Altars:
Cheibriados
Dithmenos
Elyvilon
Fedhas
Gozag
Hepliaklqana
Kikubaaqudgha
Makhleb
Nemelex Xobeh
Okawaru
Qazlal
Ru
Sif Muna
Trog
Uskayaw
Vehumet
Wu Jian
Xom
Yredelemnul
Zin
The Shining One
Beogh
Jiyva
Lugonu


Message History

The white ugly thing is knocked back by the mystic blast.
The white ugly thing collides with the centaur warrior!
The white ugly thing is lightly wounded.
The vampire mosquito buzzes angrily.
Unknown command.
Casting: Iskenderun's Mystic Blast (dangerous; 1% risk of failure)
Confirm with . or Enter, or press ? or * to list all spells.
You erupt in a blast of force!
The mystic blast hits the white ugly thing!
The white ugly thing is moderately wounded.
The white ugly thing is knocked back by the mystic blast.
The white ugly thing collides with the centaur warrior!
The centaur warrior is lightly wounded.
Unknown command.
Unknown command.
Casting: Iskenderun's Mystic Blast (dangerous; 1% risk of failure)
Confirm with . or Enter, or press ? or * to list all spells.
You erupt in a blast of force!
The mystic blast hits the white ugly thing!
The white ugly thing is heavily wounded.
The white ugly thing is knocked back by the mystic blast.
Unknown command.
Unknown command.
Unknown command.
The white ugly thing closely misses you.
There is an open door, spattered with blood here.
Unknown command.
Casting: Iskenderun's Mystic Blast (dangerous; 1% risk of failure)
Confirm with . or Enter, or press ? or * to list all spells.
You erupt in a blast of force!
The mystic blast hits the centaur warrior.
The centaur warrior is lightly wounded.
The mystic blast hits the white ugly thing!
The white ugly thing is severely wounded.
The white ugly thing is knocked back by the mystic blast.
The white ugly thing collides with the centaur warrior!
The centaur warrior is moderately wounded.
The white ugly thing trunk-slaps you! The white ugly thing freezes you!!
Ouch! That really hurt!
You die...

▓=▓
▓'▓
▓)▓
▓÷▓
▓.▓
▓.▓
▓.▓
▓.▓
▓@▓
▓u▓
▓c▓
▓H▓
▓D▓
▓y▓
▓O▓
▓+▓


You could see a five-headed hydra, a white ugly thing, a centaur warrior, a
two-headed ogre, a manticore and a vampire mosquito.

Vanquished Creatures
  A two-headed ogre (D)
  A hornet (D)
  A vampire mosquito (D)
  An orc warrior (D)
  A scorpion (D)
  2 howler monkeys (D)
  3 hounds (D)
  A bat (D)
  A giant cockroach (D)
  3 goblins (D)
  A jackal (D)
16 creatures vanquished.

Notes
Turn   | Place    | Note
-------+----------+-------------------------------------------
     0 | D        | Zeld the Deep Elf Conjurer began the quest for the Orb.
     0 | D        | Reached XP level 1. HP: 10/10 MP: 6/6
     5 | D        | Reached skill level 1 in Hexes
     5 | D        | Reached skill level 1 in Translocations
   238 | D        | Noticed a hound
   238 | D        | Noticed a hound
   238 | D        | Noticed a hound
   238 | D        | Noticed a scorpion
   247 | D        | Killed a hound
   248 | D        | Reached skill level 5 in Spellcasting
   248 | D        | Reached skill level 5 in Conjurations
   248 | D        | Reached XP level 2. HP: 3/15 MP: 0/10
   248 | D        | Reached XP level 3. HP: 4/19 MP: 0/11
   591 | D        | Learned a level 2 spell: Searing Ray
   597 | D        | Reached skill level 5 in Dodging
   597 | D        | Reached skill level 6 in Spellcasting
   597 | D        | Reached XP level 4. HP: 24/24 MP: 9/14
   598 | D        | Reached skill level 7 in Spellcasting
   613 | D        | Learned a level 4 spell: Fulminant Prism
   618 | D        | Learned a level 4 spell: Iskenderun's Mystic Blast
   926 | D        | Killed a scorpion
   927 | D        | Reached skill level 8 in Spellcasting
   927 | D        | Reached XP level 5. HP: 28/28 MP: 11/18
   938 | D        | Found a snail-covered altar of Cheibriados.
   938 | D        | Found a shadowy altar of Dithmenos.
   938 | D        | Found a white marble altar of Elyvilon.
   938 | D        | Found a blossoming altar of Fedhas.
   938 | D        | Found an opulent altar of Gozag.
  1037 | D        | Found a hazy altar of Hepliaklqana.
  1038 | D        | Found a viscous altar of Jiyva.
  1039 | D        | Found an ancient bone altar of Kikubaaqudgha.
  1040 | D        | Found a corrupted altar of Lugonu.
  1041 | D        | Found a burning altar of Makhleb.
  1042 | D        | Found a sparkling altar of Nemelex Xobeh.
  1043 | D        | Found an iron altar of Okawaru.
  1044 | D        | Found a stormy altar of Qazlal.
  1045 | D        | Found a sacrificial altar of Ru.
  1046 | D        | Found a shimmering blue altar of Sif Muna.
  1047 | D        | Found a bloodstained altar of Trog.
  1048 | D        | Found a hide-covered altar of Uskayaw.
  1049 | D        | Found a radiant altar of Vehumet.
  1050 | D        | Found an ornate altar of the Wu Jian Council.
  1051 | D        | Found a shimmering altar of Xom.
  1052 | D        | Found a basalt altar of Yredelemnul.
  1053 | D        | Found a glowing silver altar of Zin.
  1054 | D        | Became a worshipper of Sif Muna the Loreminder
  1055 | D        | Found a glowing golden altar of the Shining One.
  1158 | D        | Noticed a vampire mosquito
  1158 | D        | Noticed a two-headed ogre
  1158 | D        | Noticed an orc warrior
  1158 | D        | Noticed a hornet
  1162 | D        | Reached skill level 9 in Spellcasting
  1163 | D        | Killed a two-headed ogre
  1163 | D        | Killed a vampire mosquito
  1163 | D        | Reached * piety under Sif Muna
  1164 | D        | Reached skill level 15 in Spellcasting
  1164 | D        | Reached XP level 6. HP: 8/32 MP: 9/26
  1164 | D        | Reached XP level 7. HP: 9/36 MP: 9/28
  1165 | D        | Reached skill level 16 in Spellcasting
  1168 | D        | Killed a hornet
  1169 | D        | Reached XP level 8. HP: 11/41 MP: 24/30
  1170 | D        | Reached ** piety under Sif Muna
  1397 | D        | Noticed a white ugly thing
  1397 | D        | Noticed a centaur warrior
  1397 | D        | Noticed a manticore
  1397 | D        | Noticed a five-headed hydra
  1397 | D        | Noticed a two-headed ogre
  1402 | D        | Slain by a white ugly thing

Illustrated notes

Levels and vault maps discovered:
D:        linesprint [early_d, line_temple, items_1, d_10, items_2, lair_1,
          lair_end, items_3, orc_1, orc_end, items_4, d_15, swamp_1, shoals_1,
          snake_1, spider_1, d_20, vaults_1, items_5, swamp_end, shoals_end,
          snake_end, spider_end, vaults_end, d_27, items_6, zot_1, zot_end,
          crypt_end, forest_end, elf_end, slime_end, tomb_end, abyss_end,
          pan_hell_end]

Skill      XL: |  1  2  3  4  5  6  7 |
---------------+----------------------+-----
Hexes          | 2 |  2.0
Translocations | 2 |  2.0
Dodging        | 4 5 6 8 |  8.0
Spellcasting   | 5 6 8 15 16 | 16.9
Conjurations   | 5 6 7 11 12 | 12.3
Stealth        | |  2.4

Action                   |  1- 3 |  4- 6 |  7- 9 || total
-------------------------+-------+-------+-------++-------
Melee: Unarmed           |    11 |       |       ||    11
 Cast: Magic Dart        |    14 |     5 |       ||    19
       Searing Ray       |     1 |     2 |     2 ||     5
       Iskenderun's Myst |       |     1 |     7 ||     8
  Use: Potion            |     1 |       |     1 ||     2
       Scroll            |     1 |       |       ||     1
Armor: Robe              |     4 |     2 |       ||     6
Dodge: Dodged            |    14 |     6 |     2 ||    22
